 Dungeon Crawl Stone Soup version 0.32-a0-18-g89e19f1974 (webtiles) character file.

Game seed: 4924586365827850804

366 cforsyth the Trooper (level 6, 0/66 HPs)
             Began as an Oni Shapeshifter on Jan 16, 2024.
             Slain by an endoplasm (1 damage)
             ... on level 4 of the Dungeon on Jan 17, 2024.
             The game lasted 00:05:21 (2581 turns).

cforsyth the Trooper (Oni Shapeshifter)             Turns: 2581, Time: 00:05:21

Health: 0/66       AC:  4    Str: 21    XL:     6   Next: 68%
Magic:  6/6        EV:  9    Int: 11    God:
Gold:   221        SH:  0    Dex:  8    Spells: 5/5 levels left

rFire   + .          .
                       - Unarmed
rCold   + . .        (no shield)
rNeg    . . .        a - +1 animal skin
rPois   +            (helmet currently unavailable)
rElec   +            (cloak currently unavailable)
rCorr   +            (gloves unavailable)
SInv    .            (boots unavailable)
Will    .....        (no amulet)
Stlth   +            (no ring)
HPRegen 0.31/turn    (no ring)
MPRegen 0.10/turn

%: no passive effects
@: brilliant, beast-form, resistant, attractive
A: beast (slay +2), large, unfitting armour, horns 1, tough skin 1, double
potion healing, drunken brawling
a: Begin Untransformation


You were on level 4 of the Dungeon.
You were a hulking beast.
You visited 1 branch of the dungeon, and saw 4 of its levels.

You collected 221 gold pieces.

Inventory:

Armour
 a - a +1 animal skin (worn)
Talismans
 c - a beast talisman
 d - a flux talisman
Wands
 k - a wand of paralysis (10)
Scrolls
 g - a scroll of fog
Potions
 b - a potion of lignification
 h - a potion of ambrosia {unknown}
 i - a potion of attraction
 j - a potion of magic
 o - a potion of might {unknown}


   Skills:
 + Level 5.1 Fighting
 - Level 1.7 Dodging
 + Level 4.3 Unarmed Combat
 + Level 4.5 Shapeshifting


You had 5 spell levels left.
You didn't know any spells.
Your spell library contained the following spells:

 Spells                   Type           Power      Damage    Failure   Level
 Apportation              Tloc           0%         N/A       34%         1
 Necrotise                Necr           0%         1d4       34%         1
 Sting                    Conj/Alch      0%         1d3       34%         1
 Summon Small Mammal      Summ           0%         N/A       34%         1
 Scorch                   Fire           0%         2d5       47%         2
 Flame Wave               Conj/Fire      0%         2d4       98%         4
 Summon Cactus Giant      Summ           0%         N/A       100%        6


Dungeon Overview and Level Annotations

Branches:
Dungeon (4/15)
 Temple: D:4-7

Altars:
Ashenzari
Dithmenos
Nemelex Xobeh
Ru
Sif Muna
Uskayaw
Yredelemnul

Shops:
D:1 ?


Innate Abilities, Weirdness & Mutations

You are a hulking beast.
Your limbs bulge with bestial killing power. (Slay +2)
You are too large for most types of armour.
You have a pair of small horns on your head.
You have tough skin. (AC +1)
You gain doubled healing and magic from potions.
Whenever you drink a healing potion, you attack all around you.


Message History

The ufetubus is moderately wounded.
You hit the ball python.
You kill the ball python!
It was a potion of magic.
Magic courses through your body. The ufetubus hits you.
* * * LOW HITPOINT WARNING * * *
The ufetubus hits you.
* * * LOW HITPOINT WARNING * * *
The hobgoblin hits you but does no damage.
The ufetubus hits you but does no damage.
The ufetubus closely misses you.
It was a potion of attraction.
You feel attractive to monsters.
The ufetubus hits you but does no damage.
The ufetubus hits you.
* * * LOW HITPOINT WARNING * * *
An endoplasm comes into view.
The hobgoblin barely misses you. The ufetubus closely misses you.
The ufetubus hits you but does no damage.
The ufetubus closely misses you. The ufetubus hits you.
* * * LOW HITPOINT WARNING * * *
The endoplasm is attracted toward you.
It was a potion of resistance.
You feel protected.
The ufetubus hits you but does no damage.
The ufetubus barely misses you. The ufetubus hits you.
* * * LOW HITPOINT WARNING * * *
The ufetubus hits you.
* * * LOW HITPOINT WARNING * * *
A goblin comes into view. It is wielding a +0 club.
The hobgoblin barely misses you. The ufetubus barely misses you.
The ufetubus hits you but does no damage.
The endoplasm is attracted toward you. The goblin is attracted toward you.
It was a potion of brilliance.
You feel clever all of a sudden.
The endoplasm quivers.
The ufetubus hits you.
* * * LOW HITPOINT WARNING * * *
The ufetubus barely misses you. The endoplasm hits you.
You die...

..... ..
.... . .
##... . .#
#... .#...
#...#....§
..#§.g.
##.J.#
#5h5#
##g#.# #S#
.# ##. # .
#" #


You could see 2 ufetubi, an endoplasm, a hobgoblin, a goblin and a ball python.

Vanquished Creatures
  A black bear (D:1)
  A jelly (D:3)
  A gnoll (D:1)
  A dart slug (D:3)
  A ribbon worm (D:2)
  An orc (D:3)
  5 ball pythons
  15 bats
  4 endoplasms
  2 giant cockroaches
  6 goblins
  5 hobgoblins
  3 jackals
  3 quokkas
  2 frilled lizards (D:1)
  7 kobolds
  10 rats
68 creatures vanquished.

Vanquished Creatures (collateral kills)
  A yak (D:4)
  An adder (D:4)
  An orc (D:4)
  3 jackals (D:4)
6 creatures vanquished.

Grand Total: 74 creatures vanquished

Notes
Turn   | Place    | Note
-------+----------+-------------------------------------------
     0 | D:1      | cforsyth the Oni Shapeshifter began the quest for the Orb.
     0 | D:1      | Reached XP level 1. HP: 19/19 MP: 1/1
   255 | D:1      | Reached skill level 2 in Fighting
   255 | D:1      | Reached XP level 2. HP: 24/28 MP: 2/2
   321 | D:1      | Found Humas's Magic Scroll Emporium.
   490 | D:1      | Reached XP level 3. HP: 36/36 MP: 3/3
  1009 | D:2      | Found a sacrificial altar of Ru.
  1236 | D:2      | Reached skill level 3 in Fighting
  1322 | D:2      | Noticed a black bear
  1354 | D:1      | Killed a black bear
  1355 | D:1      | Reached skill level 4 in Fighting
  1355 | D:1      | Reached XP level 4. HP: 17/48 MP: 4/4
  1355 | D:1      | Reached XP level 5. HP: 19/54 MP: 5/5
  2058 | D:3      | Found a hide-covered altar of Uskayaw.
  2133 | D:3      | Found a basalt altar of Yredelemnul.
  2133 | D:3      | Found a shadowy altar of Dithmenos.
  2135 | D:3      | Found a shimmering blue altar of Sif Muna.
  2135 | D:3      | Found a broken altar of Ashenzari.
  2135 | D:3      | Found a sparkling altar of Nemelex Xobeh.
  2550 | D:4      | Noticed a yak
  2550 | D:4      | Noticed a yak
  2550 | D:4      | Noticed a yak
  2550 | D:4      | Noticed a yak
  2571 | D:4      | Reached XP level 6. HP: 15/63 MP: 6/6
  2571 | D:4      | Killed a yak
  2572 | D:4      | Reached skill level 5 in Fighting
  2580 | D:4      | HP: 3/66 [ufetubus (3)]
  2581 | D:4      | HP: 1/66 [ufetubus (2)]
  2581 | D:4      | Slain by an endoplasm

Illustrated notes

Levels and vault maps discovered:
D:1:      dpeg_arrival_ratfight, layout_loops_corners, serial_shops,
          nicolae_shop_trees
D:2:      kennysheep_six_static_rooms, layout_rooms, serial_co_window_serial,
          co_window_paths_b, co_window_paths_b, co_window_paths_a,
          co_window_paths_a, co_window_corner_a, co_window_2corner,
          co_window_unsneaky_path_e, co_window_of_opportunity_b,
          glass_columns_a, glass_columns_b, glass_columns_b, glass_columns_b,
          glass_columns_a, basic_altar, dk_noncrumbling_3,
          minmay_misc_feat_diagonals
D:3:      layout_rooms, grunt_temple_overflow_open, minmay_vboxes
D:4:      layout_cave_pools, chequers_ossuary_entry_cave,
          minmay_misc_feat_pillars, minmay_increasing_density

Skill      XL: |  1  2  3  4  5  6 |
---------------+-------------------+-----
Fighting       | 2 4 5 |  5.1
Unarmed Combat | 3 4 |  4.3
Shapeshifting  | 4 |  4.5
Dodging        | |  1.7

Action                     |  1- 3 |  4- 6 || total
---------------------------+-------+-------++-------
  Melee: Unarmed           |    80 |    48 ||   128
         Headbutt          |    15 |     5 ||    20
         Punch             |       |     1 ||     1
    Use: Scroll            |       |    12 ||    12
         Potion            |       |     4 ||     4
 Armour: Animal skin       |    58 |    55 ||   113
  Dodge: Dodged            |    42 |    32 ||    74

Table legend: (Time is in decaauts)
 A = Elapsed time spent in this place.
 B = Non-inter-level travel time spent in this place.
 C = Inter-level travel time spent in this place.
 D = Time resting spent in this place.
 E = Time spent auto-exploring this place.
 F = Levels seen in this place.
 G = Mean time per level.
                   A        B        C        D        E       F      G
               +--------+--------+--------+--------+--------+-----+--------+
         Total |   2573 |   2433 |    140 |    120 |   1929 |   4 |  643.2 |
       Dungeon |   2573 |   2433 |    140 |    120 |   1929 |   4 |  643.2 |
               +--------+--------+--------+--------+--------+-----+--------+

Top non-repeatable levels by time:
     D:1: 1137 daAuts
     D:2: 866 daAuts
     D:3: 526 daAuts
     D:4: 43 daAuts
